 Dungeon Crawl Stone Soup version 0.30-a0-371-gad7725a (webtiles) character file.

Game seed: 15939163958690408501

29470 Dorkslayer the Impaler (level 13, 0/103 HPs)
             Began as a Merfolk Fighter on Nov 20, 2022.
             Was an Initiate of Gozag.
             Slain by a cane toad (15 damage)
             ... on level 1 of the Lair of Beasts.
             The game lasted 00:52:59 (16619 turns).

Dorkslayer the Impaler (Merfolk Fighter)           Turns: 16619, Time: 00:53:00

Health: 0/103      AC: 18    Str: 25    XL:     13   Next: 45%
Magic:  13/13      EV:  8    Int:  8    God:    Gozag
Gold:   524        SH:  6    Dex: 19    Spells: 12/12 levels left

rFire   . . .      SeeInvis .    g - +5 trident (freeze)
rCold   . . .      Faith    .    c - +0 buckler
rNeg    . . .      Spirit   .    H - +0 plate armour
rPois   .          Reflect  .    p - +0 helmet
rElec   .          Harm     .    x - +0 cloak
rCorr   .          Rampage  .    (no gloves)
Will    .....                    l - +1 pair of boots
Stlth   ..........               a - amulet of Vitality {RegenMP++ Regen++}
HPRegen 1.97/turn                M - +6 ring of strength
MPRegen 0.93/turn                G - +6 ring of dexterity

@: lethally poisoned (0 -> -3), gold aura
A: (nimble swimmer 2), mertail, weak 1
a: Renounce Religion, Potion Petition, Call Merchant, Bribe Branch


You were on level 1 of the Lair of Beasts.
You worshipped Gozag.
Gozag was pleased with you.
You visited 4 branches of the dungeon, and saw 16 of its levels.
You also visited: Sewer and Bailey.

You collected 2704 gold pieces.
You spent 1788 gold pieces at shops.
You paid 392 gold pieces to Gozag.

Inventory:

Hand Weapons
 d - a +4 long sword
 g - a +5 trident of freezing (weapon)
 K - the +8 quarterstaff of the Spider {holy, +Blink rElec Str+3}
   (You found it on level 10 of the Dungeon)

   It has been blessed by the Shining One to cause great damage to the undead
   and demons.
   Str:       It affects your strength (+3).
   rElec:     It insulates you from electricity.
   +Blink:    It lets you blink.
Missiles
 b - 9 boomerangs (quivered)
 w - 3 curare-tipped darts
 I - 3 throwing nets
 L - 4 boomerangs of dispersal
Armour
 c - a +0 buckler (worn)
 l - a +1 pair of boots (worn)
 p - a +0 helmet (worn)
 x - a +0 cloak (worn)
 H - a +0 plate armour (worn)
Jewellery
 a - the amulet of Vitality (around neck) {RegenMP++ Regen++}
   (You bought it in a shop on level 2 of the Orcish Mines)

   [amulet of magic regeneration]

   It increases your rate of magic regeneration.
   Regen:     It increases your rate of health regeneration.
 G - a +6 ring of dexterity (right hand)
 M - a +6 ring of strength (left hand)
Wands
 u - a wand of iceblast (4)
 E - a wand of polymorph (11)
Scrolls
 e - a scroll of fog
 f - a scroll of fear
 h - a scroll of blinking
 j - a scroll of magic mapping
 k - 6 scrolls of teleportation
 v - 2 scrolls of summoning
 y - 3 scrolls of immolation
 A - 6 scrolls of poison
 C - a scroll of identify
 D - 6 scrolls of enchant armour
 J - 5 scrolls of enchant weapon
Potions
 i - 2 potions of lignification
 m - 6 potions of flight
 n - a potion of haste
 o - a potion of resistance
 q - a potion of ambrosia
 r - a potion of might
 s - 4 potions of cancellation
 z - 6 potions of mutation
 B - a potion of heal wounds
 F - 2 potions of brilliance


   Skills:
 + Level 9.9 Fighting
 + Level 6.8 Long Blades
 + Level 15.1 Polearms
 + Level 5.1 Throwing
 + Level 7.5 Armour
 + Level 3.4 Dodging
 + Level 4.0 Stealth
 + Level 7.4 Shields
 * Level 9.8 Evocations


You had 12 spell levels left.
You didn't know any spells.
Your spell library contained the following spells:

 Spells                   Type           Power      Damage    Failure   Level
 Freeze                   Ice            0%         1d3       100%        1
 Frozen Ramparts          Ice            0%         1d1       100%        3
 Hailstorm                Conj/Ice       0%         3d3       100%        3
 Inner Flame              Hex/Fire       0%         N/A       100%        3
 Portal Projectile        Hex/Tloc       0%         N/A       100%        3
 Tukima's Dance           Hex            0%         N/A       100%        3
 Cause Fear               Hex            0%         N/A       100%        4
 Ice Form                 Ice/Tmut       0%         N/A       100%        4
 Summon Ice Beast         Ice/Summ       0%         N/A       100%        4
 Blade Hands              Tmut           0%         N/A       100%        5
 Discord                  Hex            0%         N/A       100%        8


Dungeon Overview and Level Annotations

Branches:
Dungeon (11/15)            Temple (1/1) D:6            Lair (2/5) D:9
    Orc (2/2) D:9             Elf (0/3) Orc:2         Sewer (visited)
 Bailey (visited)
  Swamp: Lair:2-3    Shoals: Lair:2-3     Snake: Lair:2-3    Spider: Lair:2-3

Altars:
Ashenzari
Cheibriados
Dithmenos
Elyvilon
Fedhas
Gozag
Hepliaklqana
Kikubaaqudgha
Makhleb
Okawaru
Qazlal
Trog
Uskayaw
Vehumet
Wu Jian
Xom
Yredelemnul
Zin
The Shining One

Shops:
D:8 *   Orc:2 !=((


Innate Abilities, Weirdness & Mutations

((You are very nimble when in or above water. (Stealth+, EV+, Speed+++)))
Your lower body shifts to a powerful aquatic tail in water.
You are weak. (Str -2)


Message History

* * * LOW HITPOINT WARNING * * *
You feel very sick. You block the water moccasin's attack.
The bullfrog snags a nearby baby bat with its tongue.
The bullfrog hits you but does no damage.
The cane toad stings you but does no damage.
The redback barely misses you.
You feel much better.
You feel extremely sick.
The bullfrog hits you but does no damage.
The water moccasin bites you.
* * * LOW HITPOINT WARNING * * *
You block the cane toad's attack.
The redback bites you but does no damage.
The water moccasin bites you but does no damage.
The bullfrog barely misses you.
You hit the redback. You freeze the redback.
You kill the redback!
You feel very sick.
The cane toad stings you but does no damage.
You block the bullfrog's attack.
Unknown command.
You puncture the bullfrog! You freeze the bullfrog.
You kill the bullfrog!
You feel very sick.
The water moccasin is distracted by your dazzling golden aura.
The cane toad stings you but does no damage.
The water moccasin hisses angrily.
You miss the water moccasin.
The water moccasin is no longer distracted by gold.
The water moccasin is heavily wounded.
You feel very sick.
The water moccasin bites you but does no damage.
You hit the cane toad.
The cane toad seems to slow down.
You freeze the cane toad.
The cane toad is heavily wounded.
You feel very sick. The cane toad stings you!
You die...
Your body crumbles into a pile of gold.

..## ###'###.#
#..## ...#
#.......# #..# ..##
#.......# ##.##
...# ##.......#
#..# ..##
#........## ##.##
..# ##........#
#..# ..# ###
#.......## #.##
..####P###.....SF#
#.#
..'......'......@#
##.#
..########.....$$#
#..# ..# ##.#.####
##.## ### #...###
#..P# ## ####..#.##
###..## .##
#........# #P....##
..### #........##
#......#
....#####.........#
##....##
.#......'........##
#.....#


You could see a cane toad (slow) and a water moccasin.

Vanquished Creatures
  An ettin (Orc:2)
  A hydra (Lair:1)
  6 orc high priests
  Nergalle (Orc:1)
  8 orc knights (Orc:2)
  5 orc sorcerers
  A cyclops (D:11)
  Maurice (D:8)
  A rime drake (Lair:1)
  4 cane toads (Lair:1)
  4 komodo dragons
  A troll (Orc:1)
  7 blink frogs (Lair:1)
  Prince Ribbit (D:5)
  A wraith (D:5)
  A vampire (D:10)
  A wyvern (D:10)
  3 basilisks (Lair:1)
  2 steam dragons
  9 yaks
  2 wargs
  A redback (Lair:1)
  3 acid dragons
  6 water moccasins
  An ice beast (D:7)
  2 black bears (D:9)
  39 orc warriors
  14 ogres
  4 centaurs
  3 phantoms (D:5)
  3 kobold brigands
  16 bullfrogs
  A necrophage (D:7)
  6 scorpions
  10 wights
  8 killer bees
  2 howler monkeys (D:9)
  2 jellies
  24 orc priests
  3 hounds
  2 gnoll boudas
  2 iguanas
  14 orc wizards
  9 gnolls
  13 adders
  5 river rats (Sewer)
  A white imp (D:7)
  2 worms
  4 dart slugs
  97 orcs
  20 bats
  6 endoplasms
  4 giant cockroaches
  11 hobgoblins
  12 jackals
  22 kobolds
  6 quokkas
  10 ball pythons
  3 frilled lizards
  9 goblins
  5 rats
466 creatures vanquished.

Vanquished Creatures (collateral kills)
  An orc warrior (Orc:2)
  7 orc priests (Orc:2)
  6 orcs (Orc:2)
14 creatures vanquished.

Vanquished Creatures (others)
  An orc wizard (D:9)
  An orc (Orc:2)
  73 fungi
  37 plants
112 creatures vanquished.

Grand Total: 592 creatures vanquished

Notes
Turn   | Place    | Note
-------+----------+-------------------------------------------
     0 | D:1      | Dorkslayer the Merfolk Fighter began the quest for the Orb.
     0 | D:1      | Reached XP level 1. HP: 18/18 MP: 1/1
    35 | D:1      | Found a faded altar of an unknown god.
    50 | D:1      | Reached XP level 2. HP: 24/24 MP: 2/2
   241 | D:1      | Reached skill level 3 in Polearms
   241 | D:1      | Reached XP level 3. HP: 29/30 MP: 3/3
  1043 | D:2      | Reached XP level 4. HP: 37/37 MP: 4/4
  1309 | D:2      | Reached skill level 4 in Polearms
  1906 | D:3      | Reached XP level 5. HP: 42/42 MP: 5/5
  2248 | D:4      | Found a blossoming altar of Fedhas.
  2251 | D:4      | Found a glowing golden altar of the Shining One.
  2709 | D:5      | Entered Level 5 of the Dungeon
  2741 | D:5      | Noticed a wraith
  2760 | D:5      | Gained mutation: You are weak. (Str -2) [potion of
                  | mutation]
  2784 | D:5      | Killed a wraith
  2785 | D:5      | Reached skill level 5 in Polearms
  2785 | D:5      | Reached skill level 1 in Dodging
  2785 | D:5      | Reached skill level 1 in Evocations
  2785 | D:5      | Reached XP level 6. HP: 6/48 MP: 6/6
  3055 | D:5      | Noticed Prince Ribbit
  3079 | D:5      | Killed Prince Ribbit
  3080 | D:5      | Reached skill level 6 in Polearms
  3080 | D:5      | Reached XP level 7. HP: 24/55 MP: 7/7
  3207 | D:5      | Found a white marble altar of Elyvilon.
  3544 | D:5      | Identified the +2 robe "Remischir" {Int+3 Dex-4 Slay+3}
  3602 | D:5      | Found a broken altar of Ashenzari.
  3687 | D:5      | Reached skill level 7 in Polearms
  3814 | D:6      | Reached XP level 8. HP: 56/61 MP: 8/8
  3957 | D:6      | Found a snail-covered altar of Cheibriados.
  3957 | D:6      | Found a shadowy altar of Dithmenos.
  3983 | D:6      | Found a staircase to the Ecumenical Temple.
  3992 | D:6      | Reached skill level 5 in Fighting
  4028 | D:6      | Reached skill level 8 in Polearms
  4030 | D:6      | Found a glowing drain.
  4045 | Sewer    | Entered a sewer
  4909 | D:6      | Reached skill level 5 in Shields
  4909 | D:6      | Reached XP level 9. HP: 51/68 MP: 9/9
  5010 | D:6      | Reached skill level 9 in Polearms
  5224 | D:7      | Found a radiant altar of Vehumet.
  5397 | D:7      | You fall into a shaft and drop 1 floor!
  5525 | D:7      | Reached skill level 1 in Stealth
  6209 | D:8      | Reached skill level 5 in Evocations
  6312 | D:8      | Found Liurch's Mayhem Merchandise.
  6319 | D:8      | Reached skill level 10 in Polearms
  6389 | D:8      | Bought a wand of iceblast (2) for 48 gold pieces
  6389 | D:8      | Bought a wand of iceblast (6) for 144 gold pieces
  6389 | D:8      | Bought a wand of iceblast (4) for 96 gold pieces
  6684 | D:8      | Noticed Maurice
  6707 | D:8      | Killed Maurice
  6708 | D:8      | Reached skill level 1 in Long Blades
  6893 | D:8      | Reached XP level 10. HP: 37/76 MP: 10/10
  7028 | D:8      | Found a stormy altar of Qazlal.
  7235 | D:8      | Found a hazy altar of Hepliaklqana.
  7611 | D:9      | Found a staircase to the Lair.
  7628 | D:9      | Reached skill level 11 in Polearms
  7629 | D:9      | Reached skill level 5 in Armour
  7633 | D:9      | Reached skill level 1 in Throwing
  7740 | D:9      | Found a flagged portal.
  7753 | Bailey   | Entered a bailey
  8570 | D:9      | Reached skill level 12 in Polearms
  8866 | D:9      | Found a staircase to the Orcish Mines.
  8876 | D:9      | Reached XP level 11. HP: 83/83 MP: 11/11
  9226 | D:10     | Entered Level 10 of the Dungeon
  9837 | D:10     | Identified the +8 quarterstaff of the Spider {holy, +Blink
                  | rElec Str+3}
 10208 | D:11     | Noticed a cyclops
 10301 | D:11     | Killed a cyclops
 10302 | D:11     | Reached skill level 5 in Long Blades
 10363 | Orc:1    | Entered Level 1 of the Orcish Mines
 10422 | Orc:1    | Reached skill level 13 in Polearms
 10548 | Temple   | Entered the Ecumenical Temple
 10691 | Temple   | Became a worshipper of Gozag Ym Sagoz the Greedy
 11110 | Orc:1    | Noticed an orc sorcerer
 11123 | Orc:1    | Killed an orc sorcerer
 11213 | Orc:1    | Noticed an orc sorcerer
 11230 | Orc:1    | Killed an orc sorcerer
 11449 | Orc:1    | Noticed Nergalle
 11462 | Orc:1    | Noticed a spectral orc warlord
 11463 | Orc:1    | Killed Nergalle
 11467 | Orc:1    | Noticed an orc sorcerer
 11475 | Orc:1    | Killed an orc sorcerer
 11605 | Orc:2    | Entered Level 2 of the Orcish Mines
 11614 | Orc:2    | Noticed an orc sorcerer
 11664 | Orc:2    | Killed an orc sorcerer
 11675 | Orc:2    | Noticed an orc high priest
 11824 | Orc:2    | Noticed a sun demon
 11913 | Orc:1    | Killed an orc high priest
 11914 | Orc:1    | Reached XP level 12. HP: 63/92 MP: 12/12
 12419 | Orc:2    | Noticed an ettin
 12426 | Orc:2    | Killed an ettin
 12784 | Orc:2    | Reached skill level 14 in Polearms
 12784 | Orc:2    | Found a staircase to the Elven Halls.
 13531 | Orc:2    | Killed an orc high priest
 13687 | Orc:2    | Noticed an orc high priest
 13687 | Orc:2    | Noticed an orc high priest
 13716 | Orc:2    | Killed an orc high priest
 14041 | Orc:2    | Killed an orc high priest
 14239 | Orc:2    | Noticed an orc high priest
 14250 | Orc:2    | Killed an orc high priest
 14376 | Orc:2    | Reached XP level 13. HP: 93/101 MP: 13/13
 15104 | Orc:2    | Found Ucloyt's Distillery.
 15104 | Orc:2    | Found Wukhlais's Jewellery Shoppe.
 15105 | Orc:2    | Found Usitoll's Weapon Emporium.
 15105 | Orc:2    | Found Zoecuapp's Antique Weapon Shoppe.
 15452 | Orc:2    | Bought the amulet of Vitality {RegenMP++ Regen++} for 1500
                  | gold pieces
 15452 | Orc:2    | Found the amulet of Vitality {RegenMP++ Regen++}
 15587 | Lair:1   | Entered Level 1 of the Lair of Beasts
 16067 | Lair:1   | Reached skill level 5 in Throwing
 16390 | Lair:2   | Reached skill level 15 in Polearms
 16619 | Lair:1   | Slain by a cane toad

Illustrated notes

Levels and vault maps discovered:
D:1:      dpeg_arrival_tiny_a, layout_loops_ring, basic_ecumenical_altar,
          chequers_jeans, chequers_decorated_corner
D:2:      layout_basic, serial_bayou_pond_e, serial_bayou_crossing
D:3:      layout_loops_cross
D:4:      layout_loops_ring, mainiacjoe_overflow_catwalk_spiral,
          chequers_serial_rivers_micro_b, due_unseen_surprise
D:5:      layout_gridville, evilmike_ruin_ashenzari,
          nicolae_elyvilon_peaceful_grove, serial_bayou_pond_b,
          uniq_prince_ribbit1
D:6:      old_forge, layout_rooms, chequers_temple_overflow_statue_of_worship,
          minmay_temple_entry_proselytizer, cheibrodos_sewer_entry_bend,
          nicolae_titane
D:7:      layout_cave_pods, vehumet_crystals
D:8:      layout_basic, mainiacjoe_overflow_paths,
          nicolae_qazlal_eye_of_the_storm, minmay_shop_mayhem, uniq_maurice
D:9:      layout_loops_ring, due_lair_maze_entry_diamond, erik_orc_3,
          enter_bailey_4
D:10:     layout_roguey, minmay_curled_crystal,
          hangedman_abyss_or_decor_lesser_grid
D:11:     layout_cave_pods, gammafunk_ghost_grave, uniq_grum, uniq_erolcha
Temple:   nicolae_temple_figure_eight
Lair:1:   layout_roguey
Lair:2:   layout_gridlike, spider_nest_entry_webs, basic_altar,
          grunt_megastairs_3
Orc:1:    layout_diamond_mine, uniq_nergalle
Orc:2:    st_orc_pillars, layout_caves, nicolae_orc_stony_grotto

Skill      XL: |  1  2  3  4  5  6  7  8  9 10 11 12 13 |
---------------+----------------------------------------+-----
Polearms       | 3 4 5 6 7 8 10 12 13 14 15 | 15.1
Fighting       | 4 5 6 8 9 |  9.9
Armour         | 3 4 5 6 7 |  7.5
Dodging        | 1 2 3 |  3.4
Evocations     | 1 2 3 4 5 6 7 9 |  9.8
Shields        | 5 6 7 |  7.4
Stealth        | 1 2 3 4 |  4.0
Long Blades    | 1 4 6 |  6.8
Throwing       | 2 3 4 5 |  5.1

Action                   |  1- 3 |  4- 6 |  7- 9 | 10-12 | 13-15 || total
-------------------------+-------+-------+-------+-------+-------++-------
Melee: Trident           |   109 |   159 |   485 |   755 |   203 ||  1711
       Tailslap          |       |       |     1 |       |       ||     1
Throw: Boomerang         |       |       |     6 |    56 |    20 ||    82
       Dart              |       |       |     3 |     4 |       ||     7
Evoke: Wand              |       |       |     6 |    18 |     1 ||    25
  Use: Potion            |       |     8 |     2 |    12 |     3 ||    25
       Scroll            |       |       |    18 |    10 |     2 ||    30
 Stab: Held in net/web   |       |       |     2 |       |       ||     2
       Distracted        |       |       |       |     2 |     1 ||     3
       Invisible         |       |       |       |     5 |       ||     5
Armor: Scale mail        |    42 |       |       |       |       ||    42
       Chain mail        |     8 |    74 |   249 |       |       ||   331
       Skin              |       |    21 |       |       |       ||    21
       Plate armour      |       |       |    13 |   238 |    63 ||   314
Dodge: Dodged            |    44 |    40 |   138 |   148 |    43 ||   413
Block: Buckler           |    21 |    26 |   115 |   143 |    38 ||   343

Table legend: (Time is in decaauts)
 A = Elapsed time spent in this place.
 B = Non-inter-level travel time spent in this place.
 C = Inter-level travel time spent in this place.
 D = Time resting spent in this place.
 E = Time spent auto-exploring this place.
 F = Levels seen in this place.
 G = Mean time per level.
                   A        B        C        D        E       F      G
               +--------+--------+--------+--------+--------+-----+--------+
         Total |  16244 |  15907 |    337 |   3002 |   4729 |  18 |  902.4 |
       Dungeon |   9538 |   9273 |    265 |    706 |   4365 |  11 |  867.1 |
        Temple |    175 |    175 |      0 |      0 |    117 |   1 |  175.0 |
          Lair |    962 |    962 |      0 |     18 |    231 |   2 |  481.0 |
  Orcish Mines |   4679 |   4609 |     70 |   1987 |     16 |   2 | 2339.5 |
         Sewer |    422 |    422 |      0 |     28 |      0 |   1 |  422.0 |
        Bailey |    465 |    465 |      0 |    263 |      0 |   1 |  465.0 |
               +--------+--------+--------+--------+--------+-----+--------+

Top non-repeatable levels by time:
   Orc:2: 2980 daAuts
   Orc:1: 1699 daAuts
     D:8: 1420 daAuts
     D:9: 1301 daAuts
     D:5: 1211 daAuts
    D:10: 1057 daAuts
     D:7: 967 daAuts
  Lair:1: 844 daAuts
     D:6: 835 daAuts
     D:1: 810 daAuts
     D:3: 692 daAuts
     D:2: 629 daAuts
     D:4: 598 daAuts
  Bailey: 465 daAuts
   Sewer: 422 daAuts
